 Dungeon Crawl Stone Soup version 0.19-a0-1019-g9c6a58d (webtiles) character file.

1064 stupendous the Shield-Bearer (level 8, -2/64 HPs)
             Began as a Formicid Fighter on July 25, 2016.
             Slain by Menkaure (15 damage)
             ... on level 6 of the Dungeon.
             The game lasted 00:14:41 (5962 turns).

stupendous the Shield-Bearer (Formicid Fighter)     Turns: 5962, Time: 00:14:41

Health: -2/64      AC:  7    Str: 28    XL:     8   Next: 52%
Magic:  8/8        EV:  9    Int:  8    God:
Gold:   275        SH: 11    Dex: 10    Spells: 0 memorised, 7 levels left

rFire  . . .     SeeInvis +     a - +0 long sword
rCold  . . .     Gourm    .     b - +0 scale mail
rNeg   . . .     Faith    .     c - +0 shield
rPois  +         Spirit   .     (helmet unavailable)
rElec  .         Dismiss  .     (no cloak)
rCorr  .         Reflect  .     (no gloves)
SustAt .         Harm     .     (no boots)
MR     .....                    (no amulet)
Stlth  ..........               (no ring)
                                m - ring of poison resistance

@: mighty, not resistant to hostile enchantments, extremely unstealthy
A: permanent stasis, dig shafts and tunnels, four strong arms, antennae 3
a: Dig, Shaft Self


You were on level 6 of the Dungeon.
You were not hungry.

You visited 1 branch of the dungeon, and saw 6 of its levels.

You collected 275 gold pieces.

Inventory:

Hand Weapons
 a - a +0 long sword (weapon)
Armour
 b - a +0 scale mail (worn)
 c - a +0 shield (worn)
Jewellery
 m - a ring of poison resistance (left hand)
 r - an uncursed ring of resist corrosion {unknown}
 y - a cursed ring of loudness {unknown}
Wands
 q - a wand of flame (19/48)
 v - a wand of enslavement (10/24)
 A - a wand of lightning (5/15)
Scrolls
 i - a scroll of fear
 j - 2 scrolls of blinking {unknown}
 k - 5 scrolls of identify
 l - a scroll of remove curse
 w - a scroll of amnesia
Potions
 e - 3 potions of flight
 g - 2 potions of heal wounds {unknown}
 h - a potion of cancellation {unknown}
 n - a potion of mutation
 o - 2 potions of agility {unknown}
 p - a potion of ambrosia
 x - a potion of brilliance {unknown}
Comestibles
 f - 6 bread rations
 s - 2 fruits
 t - 2 beef jerkies
 u - 2 meat rations


   Skills:
 - Level 6.0 Fighting
 + Level 5.8 Long Blades
 + Level 5.9 Armour
 - Level 6.0 Shields


You had 7 spell levels left.
You didn't know any spells.

Dungeon Overview and Level Annotations

Branches:
Dungeon (6/15)
 Temple: D:4-7

Altars:
Ashenzari
Dithmenos
Kikubaaqudgha
Nemelex Xobeh
Trog

Annotations:
D:6 Menkaure


Innate Abilities, Weirdness & Mutations

You are under a permanent stasis effect.
You can dig through walls and to a lower floor.
Your four strong arms can wield two-handed weapons with a shield.
You have a pair of large antennae on your head. (SInv)


Message History

You see here 24 stones.
Menkaure gestures wildly while chanting.
Menkaure seems to speed up.
Menkaure calls on the powers of darkness!
Your body is wracked with pain!
You hit Menkaure but do no damage.
Menkaure calls on the powers of darkness!
Your body is wracked with pain!
* * * LOW HITPOINT WARNING * * *
You hit Menkaure.
Menkaure is lightly damaged.
Menkaure gestures at you while chanting.
Pain shoots through your body!
* * * LOW HITPOINT WARNING * * *
You feel better. You block Menkaure's attack.
You feel very mighty all of a sudden. Menkaure hits you.
* * * LOW HITPOINT WARNING * * *
Menkaure hits you!
You die...

#.....# ####
#.###.# ...
#...#.#######.
#...#......##.
#...######.##.
#.### #....
#####.# #^...
#.M.#.# #....
#@#.#.# #....
#.#.#.########....
#.#.#....M..##...#
#.#M####.#.......#
#.#.# #.#.......#
#.#.# #.#{......#
#.#.# #.#........
#.#.####.#.......#
#........#.......#


You could see Menkaure.

Vanquished Creatures
  Sigmund (D:5)
  Blork the orc (D:5)
  A scorpion (D:5)
  3 killer bees (D:4)
  A howler monkey (D:4)
  2 hounds
  A gnoll shaman (D:6)
  An orc priest (D:5)
  A worker ant (D:5)
  Natasha (thrice) (D:2)
  2 iguanas
  A hound skeleton (D:5)
  A worker ant zombie (D:6)
  9 gnolls
  6 adders
  A shadow imp (D:5)
  4 oozes (D:1)
  An adder skeleton (D:4)
  5 worms
  A dart slug (D:1)
  4 giant geckos
  14 orcs
  16 giant cockroaches
  11 goblins
  2 hobgoblins
  11 jackals
  10 kobolds
  4 quokkas
  2 ball pythons
  2 ball python skeletons
  4 bats
  4 giant newts
  6 rats
136 creatures vanquished.

Notes
Turn   | Place    | Note
-------+----------+-------------------------------------------
     0 | D:1      | stupendous the Formicid Fighter began the quest for the Orb.
     0 | D:1      | Reached XP level 1. HP: 18/18 MP: 1/1
     2 | D:1      | Found a runed door.
    36 | D:1      | Reached XP level 2. HP: 8/24 MP: 2/2
   312 | D:1      | Reached XP level 3. HP: 25/29 MP: 3/3
   476 | D:1      | Reached XP level 4. HP: 37/37 MP: 4/4
  1096 | D:2      | Noticed Natasha
  1104 | D:2      | Killed Natasha
  1104 | D:2      | Reached XP level 5. HP: 21/42 MP: 5/5
  1358 | D:2      | Noticed Natasha
  1377 | D:2      | Killed Natasha
  1510 | D:2      | Noticed Natasha
  1514 | D:2      | Killed Natasha
  1570 | D:2      | Found a sparkling altar of Nemelex Xobeh.
  2028 | D:2      | Reached XP level 6. HP: 49/49 MP: 6/6
  2358 | D:3      | Found an ancient bone altar of Kikubaaqudgha.
  2498 | D:3      | Reached skill level 5 in Shields
  2515 | D:3      | Reached skill level 5 in Fighting
  2891 | D:3      | Found a bloodstained altar of Trog.
  3101 | D:3      | Found a shattered altar of Ashenzari.
  3622 | D:4      | Reached XP level 7. HP: 54/56 MP: 7/7
  3768 | D:4      | Reached skill level 5 in Armour
  4128 | D:5      | Entered Level 5 of the Dungeon
  4413 | D:5      | Noticed Sigmund
  4418 | D:5      | Killed Sigmund
  4418 | D:5      | Reached skill level 5 in Long Blades
  4418 | D:5      | Reached XP level 8. HP: 53/64 MP: 8/8
  4597 | D:5      | Noticed Blork the orc
  4610 | D:5      | Killed Blork the orc
  5391 | D:6      | Found a shadowy altar of Dithmenos.
  5913 | D:6      | Noticed Menkaure
  5962 | D:6      | Slain by Menkaure

Vault maps used:
D:1:      dpeg_arrival_caged_fury
D:2:      kennysheep_goblin_castle, marbit_many_paths, uniq_natasha
D:3:      overflow_temple_1_default, lemuel_coloured_pillars_altar,
          lightli_temple_of_fire, first_bread
D:4:      bh_chokoban
D:5:      uniq_blork_the_orc, uniq_sigmund
D:6:      lemuel_round_altar, old_standard_altar, uniq_menkaure

Skill      XL: |  1  2  3  4  5  6  7  8 |
---------------+-------------------------+-----
Shields        | 4 5 6 |  6.0
Fighting       | 4 5 6 |  6.0
Armour         | 4 5 |  5.9
Long Blades    | 3 5 |  5.8

Action                   |  1- 3 |  4- 6 |  7- 9 || total
-------------------------+-------+-------+-------++-------
Melee: Long sword        |    96 |   362 |   210 ||   668
  Use: Scroll            |       |    10 |       ||    10
       Potion            |       |       |     3 ||     3
  Eat: Chunk             |       |     9 |     8 ||    17
Armor: Scale mail        |    47 |    98 |    58 ||   203
       Skin              |       |       |    17 ||    17
Dodge: Dodged            |    35 |   102 |    58 ||   195
Block: Shield            |    47 |   141 |   104 ||   292
